AoeStats
← CommanderSAP

Enclosed

505282876Analyzed
1v1 RM · 22d ago on Sep 8, 2026· 60m 52s· 2 players
Game mode
Random Map
Map size
Tiny (2 player)
Population
200
Speed
Normal
Resources
Standard
Victory
Conquest
Starting age
Dark Age
Ending age
Imperial Age
RankedLock teamsTeams togetherTeam positionsShared explorationLock speedFull tech treeHidden civsTurbo modeCheats
Victory
Defeat
🇺🇸 Romans · United States
591
+13
🇳🇱 Byzantines · Netherlands
529
-13
CommanderSAP
10:58 Feudal Age
11:51 Double-Bit Axe
11:48 Horse Collar
12:27 Loom
20:12 Castle Age
19:22 Gold Mining
19:23 Stone Mining
21:07 Heavy Plow
21:20 Bow Saw
22:28 Forging
23:09 Gold Shaft Mining
26:18 Scale Barding Armor
26:55 Stone Shaft Mining
30:00 Imperial Age
28:49 Wheelbarrow
31:11 Crop Rotation
31:50 Heavy Camel Rider
32:34 Husbandry
34:46 Iron Casting
34:13 Scale Mail Armor
35:58 Hand Cart
35:22 Elite Skirmisher
37:30 Chain Mail Armor
38:41 Chain Barding Armor
43:46 Murder Holes
44:52 Chemistry
45:43 Fletching
45:53 Padded Archer Armor
47:15 Conscription
47:02 Bodkin Arrow
47:22 Leather Archer Armor
51:48 Pikeman
52:02 Pikeman
53:15 Plate Mail Armor
52:47 Bracer
53:17 Ring Archer Armor
52:42 Treadmill Crane
53:24 Ballistics
52:47 Treadmill Crane
58:32 Halberdier
Cosecant
4:17 Loom
5:52 Loom
11:16 Feudal Age
12:26 Town Watch
14:04 Wheelbarrow
13:45 Man-at-Arms
17:23 Castle Age
16:34 Double-Bit Axe
17:45 Stone Mining
21:32 Scale Mail Armor
21:43 Forging
21:08 Long Swordsman
21:50 Squires
24:52 Chain Mail Armor
24:48 Scale Barding Armor
25:49 Ballistas
34:02 Imperial Age
31:45 Gold Mining
32:13 Bow Saw
36:20 Legionary
37:09 Husbandry
36:34 Light Cavalry
37:26 Fletching
37:37 Padded Archer Armor
38:05 Pikeman
39:36 Bloodlines
38:49 Cavalier
39:52 Halberdier
41:13 Cavalier
43:00 Elite Skirmisher
44:45 Heavy Cavalry Archer
52:03 Iron Casting
51:44 Chain Mail Armor
51:50 Chain Barding Armor
51:26 Bodkin Arrow
51:46 Leather Archer Armor
Connection lost

Rejoining the realm…

Still unreachable

The connection could not be restored.

Session expired

The server has moved on; the page needs a fresh start.